 Dungeon Crawl Stone Soup version 0.16.2-3-ga078185 (webtiles) character file.

235751 errorprawn the Scorcher (level 19, -1/107 HPs)
             Began as a Deep Elf Conjurer on Sept 3, 2015.
             Was the Champion of Vehumet.
             Hit by a steel javelin thrown by a merfolk javelineer (24 damage)
             ... on level 5 of the Shoals on Sept 6, 2015.
             The game lasted 07:28:53 (63604 turns).

errorprawn the Scorcher (Deep Elf Conjurer)        Turns: 63604, Time: 07:28:54

Health: -1/107     AC: 12    Str:  9    XL:     19   Next: 26%
Magic:  28/43      EV: 17    Int: 38    God:    Vehumet [******]
Gold:   4117       SH:  0    Dex: 14    Spells: 11 memorised, 0 levels left

rFire  . . .     SeeInvis .     c - staff of energy
rCold  + . .     Clarity  +     P - +1 robe of the Iron City of Dis {rN+ MP-9 Int+7}
rNeg   + . .     SustAb   +     (no shield)
rPois  .         Gourm    .     k - +0 helmet
rElec  .         Spirit   .     l - +2 cloak
rCorr  .         Warding  .     e - +1 pair of gloves {Dex+3}
rMut   .         Stasis   .     p - +2 pair of boots
MR     +....                    v - amulet of clarity
Stlth  ++++......               a - ring of wizardry
                                J - ring of the Shining Light {SustAb rC+ MP+9 Int+6 Dex-4 Stlth+}

@: very slightly contaminated, studying Dodging, somewhat resistant to hostile
enchantments, stealthy
A: robust 1
a: Renounce Religion


You were on level 5 of the Shoals.
You worshipped Vehumet.
Vehumet was exalted by your worship.
You were not hungry.

You visited 7 branches of the dungeon, and saw 40 of its levels.

You collected 5677 gold pieces.
You spent 1560 gold pieces at shops.

Inventory:

Hand weapons
 h - the +4 arbalest of Disharmony {elec, rF+ Str-4 Dex+3, unknown}
   (You found it on level 2 of the Shoals)

   It charges the ammunition it shoots with electricity; occasionally upon a
   hit, such missiles may discharge and cause terrible harm.
   It affects your strength (-4).
   It affects your dexterity (+3).
   It protects you from fire.
Armour
 e - a +1 pair of gloves of dexterity (worn)
 k - a +0 helmet (worn)
 l - a +2 cloak (worn)
 p - a +2 pair of boots (worn)
 P - the +1 robe of the Iron City of Dis (worn) {rN+ MP-9 Int+7}
   (You found it on level 6 of the Lair of Beasts)

   It affects your intelligence (+7).
   It protects you from negative energy.
   It affects your magic capacity (-9).
Magical staves
 c - an uncursed staff of energy (weapon)
Rods
 K - a -1 rod of the swarm (14/14)
   (You found it on level 3 of the Shoals)
Jewellery
 a - a ring of wizardry (right hand)
 f - an uncursed ring of protection from cold
 g - an uncursed ring of poison resistance
 q - an uncursed amulet of stasis
 v - an amulet of clarity (around neck)
 G - a cursed ring of teleportation {unknown}
 J - the ring of the Shining Light (left hand) {SustAb rC+ MP+9 Int+6 Dex-4 Stlth+}
   (You took it off a deep elf annihilator on level 3 of the Elven Halls)

   [ring of sustain abilities]

   It sustains your strength, intelligence and dexterity.
   It affects your intelligence (+6).
   It affects your dexterity (-4).
   It protects you from cold.
   It affects your magic capacity (+9).
   It makes you more stealthy.
 Q - a cursed ring of positive energy
Magical devices
 C - a wand of draining (6)
 L - a wand of digging (13)
 O - a wand of disintegration (7)
 V - a wand of disintegration (16)
 W - a wand of lightning (5)
Scrolls
 d - 10 scrolls of teleportation
 j - a scroll of brand weapon
 r - 14 scrolls of remove curse
 w - a scroll of summoning
 y - 9 scrolls of fog
 A - 10 scrolls of identify
 B - 2 scrolls of magic mapping
 E - 8 scrolls of blinking
 H - 2 scrolls of amnesia
 X - 3 scrolls of fear
 Y - a scroll of enchant weapon
Potions
 i - 2 potions of magic
 m - 4 potions of flight
 n - 5 potions of haste
 o - a potion of heal wounds
 s - 2 potions of might
 t - 4 potions of invisibility
 z - a potion of restore abilities
 I - 8 potions of curing
 N - 3 potions of brilliance
 R - 4 potions of cancellation
Books
 F - a book of Flames

   Spells                             Type                      Level
   a - Flame Tongue                   Conjuration/Fire             1
   b - Throw Flame                    Conjuration/Fire             2
   c - Conjure Flame                  Conjuration/Fire             3
   d - Inner Flame                    Hexes/Fire                   3
   e - Sticky Flame                   Conjuration/Fire             4
   f - Fireball                       Conjuration/Fire             5
 M - a book of Power

   Spells                             Type                      Level
   a - Fulminant Prism                Conjuration/Hexes            4
   b - Iskenderun's Mystic Blast      Conjuration                  4
   c - Venom Bolt                     Conjuration/Poison           5
   d - Bolt of Magma                  Conjuration/Fire/Earth       5
   e - Iron Shot                      Conjuration/Earth            6
   f - Orb of Destruction             Conjuration                  7
   g - Spellforged Servitor           Conjuration/Summoning        7
 T - Sif Muna's Reference Book on Good Luck
   (You found it on level 3 of the Shoals)

   Spells                             Type                      Level
   a - Repel Missiles                 Charms/Air                   2
   b - Control Teleport               Charms/Translocation         4
   c - Warp Weapon                    Charms/Translocation         5
   d - Deflect Missiles               Charms/Air                   6
 U - a manual of Dodging
Miscellaneous
 S - a crystal ball of energy
Comestibles
 b - 17 bread rations
 u - 17 meat rations
 x - 2 fruits
 D - a slice of pizza
 Z - 3 chunks of flesh


   Skills:
 - Level 3.8 Fighting
 - Level 1.7 Armour
 + Level 8.3 Dodging
 - Level 5.4 Stealth
 * Level 17.1 Spellcasting
 - Level 20.3 Conjurations
   Level 2.4 Hexes
 - Level 7.1 Charms
 - Level 2.5 Translocations
 - Level 20.5 Fire Magic
 - Level 10.0 Air Magic
 - Level 6.6 Earth Magic
 - Level 8.0 Poison Magic
 * Level 6.8 Evocations


You couldn't memorise any spells.
You knew the following spells:

 Your Spells              Type           Power        Failure   Level  Hunger
a - Magic Dart            Conj           ####         0%          1    None
b - Blink                 Tloc           N/A          1%          2    None
c - Spellforged Servitor  Conj/Summ      #######...   2%          7    None
d - Sting                 Conj/Pois      ####         0%          1    None
e - Iskenderun's Battles  Conj/Chrm      #######.     1%          5    None
f - Fire Storm            Conj/Fire      ########..   2%          9    None
g - Passage of Golubria   Tloc           N/A          1%          4    None
h - Poisonous Cloud       Conj/Pois/Air  #######...   1%          6    None
i - Iron Shot             Conj/Erth      #######...   1%          6    None
j - Fireball              Conj/Fire      ########..   0%          5    None
k - Deflect Missiles      Chrm/Air       #######...   2%          6    None


Dungeon Overview and Level Annotations

Branches:
Dungeon (15/15)            Temple (1/1) D:7            Lair (8/8) D:10
 Shoals (5/5) Lair:6       Spider (4/5) Lair:3        Slime (0/6) Lair:7
    Orc (4/4) D:9             Elf (3/3) Orc:4        Vaults (0/5) D:14
 Depths (0/5) D:15

Altars:
Ashenzari
Cheibriados
Dithmenos
Elyvilon
Fedhas
Gozag
Makhleb
Nemelex Xobeh
Okawaru
Ru
Sif Muna
Vehumet
Xom
Zin
The Shining One

Shops:
D:5 %   D:10 *   D:11 =   D:15 !   Orc:2 [   Orc:3 !   Orc:4 *}?}   Elf:1 [
Shoals:3 (

Annotations:
D:3 exclusion: oklob plant
Shoals:5 Rider75's ghost, mighty KoBe
Spider:1 exclusion: Roxanne, Roxanne
Spider:4 Norris


Innate Abilities, Weirdness & Mutations

You are robust (+10% HP).


Message History

Aiming: Fire Storm
Press: ? - help, Dir - move target cursor A raging storm of fire appears!
The great blast of fire engulfs Rider75's ghost.
Rider75's ghost partially resists.
Rider75's ghost is lightly damaged.
The great blast of fire engulfs the merfolk impaler.
You kill the merfolk impaler!
Vehumet accepts your kill.
You feel your power returning.
You hear a splash. x2
The great blast of fire engulfs the merfolk impaler.
The merfolk impaler is heavily wounded.
The javelin hits your fire vortex!!
Your fire vortex dissipates!
Ilsuiw zaps a wand.
You resist with almost no effort.
It is a wand of polymorph.
The merfolk javelineer throws a steel javelin.
The steel javelin hits you!!
You die...

#≈≈≈≈≈≈≈≈≈≈≈≈#≈
#≈≈≈≈≈≈≈≈≈≈≈≈≈#m#m
#≈≈≈≈≈m≈≈≈≈≈≈......
#≈≈≈≈≈≈≈≈§≈≈≈.......
#≈≈≈≈≈§§W§§≈≈........
#≈≈≈≈≈≈§§§§§..........
#≈≈≈≈≈≈≈§§§§§m.........
≈≈≈≈≈≈≈≈≈§§§......§§§...
≈≈≈≈≈≈≈≈.≈≈...@.§§§§§..
###≈≈≈≈≈≈≈≈....§§vv§..
≈#≈≈≈≈≈≈≈≈≈≈≈§§§§§.
#≈#≈≈≈≈≈≈≈≈≈≈≈§§§v.
#≈≈≈≈≈≈≈≈≈≈≈≈...
≈≈≈≈≈≈≈≈≈≈≈..
≈≈≈≈≈≈≈#### ≈≈≈≈≈## ≈##


You could see Ilsuiw, a merfolk impaler, a merfolk javelineer, Rider75's ghost
and 3 friendly fire vortices.

Vanquished Creatures
  Arachne (Spider:2)
  A deep elf blademaster (Elf:3)
  2 deep elf master archers (Elf:3)
  Agnes (Spider:3)
  A storm dragon (D:15)
  Donald (Orc:4)
  Wiglaf (Spider:4)
  Louise (Spider:2)
  8 deep elf sorcerers (Elf:3)
  A stone giant (Orc:3)
  A very ugly thing (D:14)
  6 deep elf demonologists
  7 deep elf annihilators (Elf:3)
  The ghost of DizzySkin the Martial Artist, a powerful GrMo of Okawaru (Lair:6)
  Snorg (Shoals:1)
  2 deep elf death magi
  2 merfolk javelineers (Shoals:1)
  A fire dragon (D:15)
  6 deep elf high priests
  6 merfolk impalers
  9 hydras
  Harold (D:12)
  7 ogre magi
  An ice dragon (D:15)
  Nessos (Orc:4)
  Erica (Elf:1)
  2 merfolk aquamancers
  2 merfolk avatars
  A satyr (Shoals:3)
  18 dancing weapons
  2 centaur warriors
  A tengu warrior (D:14)
  2 orc high priests
  Urug (Orc:4)
  23 deep elf knights
  13 deep elf summoners
  A lindwurm (shapeshifter) (Elf:2)
  7 sea snakes
  9 hill giants
  7 unseen horrors
  22 deep elf conjurers
  23 harpies
  18 wolf spiders
  10 orc knights
  2 orc sorcerers
  8 orb spiders
  An oklob plant (Lair:2)
  8 griffons
  4 hornets
  6 manticores
  A moth of wrath (Spider:2)
  4 ugly things
  6 cyclopes
  12 fauns
  The ghost of dpvblackbelt the Changer, an experienced OpTm of Dithmenos (D:7)
  11 sirens
  8 water nymphs
  10 elephants (Lair:8)
  A salamander (shapeshifter) (Elf:3)
  Joseph (D:7)
  3 centaur zombies
  13 black mambas
  A torpor snail (Spider:2)
  An eye of devastation (shapeshifter) (D:15)
  4 centaur skeletons
  A gargoyle (D:13)
  14 spiny frogs
  2 kobold demonologists
  12 komodo dragons
  2 fire drakes (Lair:8)
  5 trolls
  5 demonic crawlers
  20 deep elf priests
  A freezing wraith (D:14)
  17 merfolk
  A spriggan druid (Lair:8)
  2 tengu conjurers (D:13)
  23 two-headed ogres
  Prince Ribbit (D:4)
  6 polar bears (Lair:8)
  6 ravens
  A blue devil (Elf:1)
  2 wind drakes
  15 blink frogs (Lair:5)
  18 jumping spiders
  3 slime creatures (D:15)
  12 snapping turtles
  4 basilisks
  A boulder beetle (Spider:3)
  10 trapdoor spiders
  28 redbacks
  10 spriggans (Lair:8)
  34 yaks
  11 water elementals
  The ghost of Mynnion the Skirmisher, an average MiBe of Trog (D:6)
  41 deep elf magi
  A steam dragon (D:8)
  A golden eye (shapeshifter) (D:13)
  5 wyverns
  58 deep elf fighters
  A hungry ghost (D:7)
  13 tarantellas
  17 wolves (Lair:8)
  4 vampire mosquitoes (D:14)
  A mottled dragon (D:15)
  12 hippogriffs
  3 wargs
  24 orc warriors
  Purgy (D:3)
  22 water moccasins
  5 ice beasts
  6 porcupines
  26 spiders
  2 sky beasts
  4 black bears (Lair:8)
  4 phantoms
  A swamp drake (D:9)
  6 wasps
  5 boggarts (D:15)
  49 ogres
  4 boring beetles
  26 centaurs
  15 crocodiles
  Duvessa (D:6)
  3 big kobolds
  Blork the orc (D:7)
  27 giant frogs
  A gnoll sergeant (D:9)
  3 wyvern zombies
  A water moccasin skeleton (D:9)
  3 scorpions
  13 killer bees
  12 jellies
  3 wights
  5 electric eels
  16 crimson imps
  Dowan (D:6)
  A giant frog zombie (D:12)
  A quasit (D:14)
  4 giant frog skeletons
  24 orc priests
  10 hounds
  A wasp zombie (D:11)
  7 iguanas
  14 worker ants
  37 orc wizards
  30 sheep
  3 hell rats
  A hound zombie (D:6)
  2 hound skeletons
  2 mummies
  A worker ant zombie (D:5)
  14 gnolls
  55 river rats
  23 adders
  3 shadow imps
  3 giant mites
  3 worms (D:2)
  3 adder zombies
  An adder skeleton (D:4)
  8 giant geckos
  17 oozes
  209 orcs
  A ball python (D:1)
  13 bats
  2 giant cockroaches
  15 goblins
  26 hobgoblins
  3 jackals (D:9)
  19 kobolds
  A giant gecko skeleton (D:4)
  7 giant newts
  A giant spore (D:8)
  A jackal zombie (D:7)
  14 quokkas
  A quokka skeleton (D:5)
  20 rats
  2 ballistomycetes (D:8)
  7 fungi
  8 plants
1672 creatures vanquished.

Vanquished Creatures (collateral kills)
  A satyr (Shoals:3)
  A griffon (Shoals:3)
  A siren (Shoals:3)
  A merfolk (Shoals:3)
  3 snapping turtles (Shoals:4)
  A water elemental (Shoals:3)
  A sheep (Shoals:3)
9 creatures vanquished.

Vanquished Creatures (others)
  A spellforged servitor (Shoals:4)
  2 drowned souls (Shoals:3)
  27 fire vortices
  A lost soul (Elf:2)
  2 orcs (Elf:1)
  A giant spore (D:12)
  A goblin (Orc:2)
  A bush (Lair:8)
  44 fungi
  22 plants
102 creatures vanquished.

Grand Total: 1783 creatures vanquished

Notes
Turn   | Place    | Note
--------------------------------------------------------------
     0 | D:1      | errorprawn, the Deep Elf Conjurer, began the quest for the Orb.
     0 | D:1      | Reached XP level 1. HP: 10/10 MP: 5/5
   208 | D:1      | Reached XP level 2. HP: 15/15 MP: 3/8
   214 | D:1      | Learned a level 2 spell: Searing Ray
   695 | D:2      | Found a radiant altar of Vehumet.
   725 | D:2      | Became a worshipper of Vehumet
   856 | D:2      | Found an opulent altar of Gozag.
   934 | D:2      | Reached XP level 3. HP: 19/19 MP: 9/11
  1025 | D:2      | Reached skill level 5 in Conjurations
  1696 | D:3      | Reached XP level 4. HP: 24/24 MP: 11/14
  1702 | D:3      | Learned a level 4 spell: Iskenderun's Mystic Blast
  1804 | D:3      | Noticed Purgy
  1855 | D:3      | Found a burning altar of Makhleb.
  1912 | D:3      | Found a white marble altar of Elyvilon.
  2037 | D:3      | Found an iron altar of Okawaru.
  2258 | D:3      | Found a blossoming altar of Fedhas.
  2270 | D:3      | Noticed an oklob plant
  2430 | D:4      | Reached XP level 5. HP: 21/28 MP: 13/18
  2522 | D:4      | Acquired Vehumet's first power
  2522 | D:4      | Offered knowledge of Sting by Vehumet.
  2522 | D:4      | Reached skill level 6 in Conjurations
  2525 | D:4      | Learned a level 1 spell: Sting
  2541 | D:4      | Got a black opal-encrusted ring mail
  3211 | D:4      | Reached skill level 5 in Spellcasting
  3263 | D:4      | Noticed Prince Ribbit
  3302 | D:4      | Found a glowing silver altar of Zin.
  3304 | D:4      | Noticed an ogre
  3314 | D:4      | Killed an ogre
  3314 | D:4      | Reached XP level 6. HP: 32/32 MP: 12/21
  3321 | D:4      | Reached skill level 7 in Conjurations
  3541 | D:3      | Killed Purgy
  3937 | D:5      | Entered Level 5 of the Dungeon
  3982 | D:5      | Reached XP level 7. HP: 36/36 MP: 15/24
  3989 | D:5      | Learned a level 5 spell: Iskenderun's Battlesphere
  3998 | D:5      | Reached skill level 1 in Charms
  4449 | D:5      | Reached skill level 8 in Conjurations
  4613 | D:5      | Offered knowledge of Flame Tongue by Vehumet.
  4790 | D:5      | Found a shimmering altar of Xom.
  4887 | D:5      | Found Skielac's Food Emporium.
  4937 | D:5      | Reached skill level 5 in Charms
  5096 | D:5      | Reached XP level 8. HP: 41/41 MP: 17/25
  5149 | D:5      | Reached skill level 9 in Conjurations
  5803 | D:6      | Identified the cursed -2 ring mail of Klih {rElec rC+} (You found it on level 4 of the Dungeon)
  5808 | D:6      | Noticed Mynnion's ghost (average MiBe)
  5819 | D:6      | Killed Mynnion's ghost
  5911 | D:6      | Reached skill level 10 in Conjurations
  6081 | D:6      | Noticed Duvessa
  6099 | D:6      | Noticed Dowan
  6436 | D:4      | Killed Prince Ribbit
  6626 | D:5      | Learned a level 3 spell: Dazzling Spray
  6718 | D:6      | Reached skill level 1 in Hexes
  6792 | D:6      | Offered knowledge of Stone Arrow by Vehumet.
  6898 | D:6      | Reached XP level 9. HP: 45/45 MP: 20/28
  6995 | D:6      | Killed Dowan
  7107 | D:6      | Gained mutation: You are robust (+10% HP). [potion of beneficial mutation]
  7283 | D:6      | Found a glowing golden altar of the Shining One.
  7519 | D:6      | Killed Duvessa
  7668 | D:7      | Noticed Joseph
  7672 | D:7      | Noticed Blork the orc
  7682 | D:7      | Killed Joseph
  7682 | D:7      | Reached skill level 11 in Conjurations
  7906 | D:7      | Acquired Vehumet's second power
  8242 | D:7      | Found a sacrificial altar of Ru.
  8253 | D:7      | Killed Blork the orc
  8253 | D:7      | Reached skill level 1 in Armour
  8517 | D:7      | Found a staircase to the Ecumenical Temple.
  8535 | D:7      | Noticed dpvblackbelt's ghost (experienced OpTm)
  8552 | D:7      | Killed dpvblackbelt's ghost
  8552 | D:7      | Reached skill level 10 in Spellcasting
  8554 | Temple   | Entered the Ecumenical Temple
  8623 | D:7      | Found a snail-covered altar of Cheibriados.
  8635 | D:7      | Reached XP level 10. HP: 55/55 MP: 24/31
  8719 | D:7      | Reached skill level 12 in Conjurations
  8778 | D:7      | Offered knowledge of Mephitic Cloud by Vehumet.
  8783 | D:7      | Learned a level 3 spell: Mephitic Cloud
  9509 | D:8      | Found a snail-covered altar of Cheibriados.
  9717 | D:8      | Found a shadowy altar of Dithmenos.
  9745 | D:8      | Acquired Vehumet's third power
 10109 | D:8      | Offered knowledge of Ignite Poison by Vehumet.
 10282 | D:9      | Found a deep blue altar of Sif Muna.
 10329 | D:9      | Found a shattered altar of Ashenzari.
 10697 | D:9      | Found a shattered altar of Ashenzari.
 10802 | D:9      | Reached skill level 13 in Conjurations
 11335 | D:9      | Found a staircase to the Orcish Mines.
 11338 | D:9      | Offered knowledge of Poisonous Cloud by Vehumet.
 11436 | D:9      | Learned a level 6 spell: Poisonous Cloud
 11583 | Orc:1    | Entered Level 1 of the Orcish Mines
 11709 | D:10     | Entered Level 10 of the Dungeon
 11875 | D:10     | Reached skill level 1 in Air Magic
 11875 | D:10     | Reached skill level 1 in Poison Magic
 12030 | D:10     | Found a staircase to the Lair.
 12112 | D:10     | Found Ampop's General Store.
 12127 | Lair:1   | Entered Level 1 of the Lair of Beasts
 12280 | Lair:1   | Reached XP level 11. HP: 59/59 MP: 12/34
 12454 | Lair:1   | Noticed a four-headed hydra
 12461 | Lair:1   | Killed a four-headed hydra
 12927 | Lair:1   | You fall through a shaft!
 13061 | Lair:2   | Reached skill level 5 in Poison Magic
 13369 | Lair:2   | Reached skill level 5 in Air Magic
 14380 | Lair:3   | Offered knowledge of Iron Shot by Vehumet.
 14871 | Lair:3   | Found a hole to the Spider Nest.
 15505 | Lair:3   | Reached XP level 12. HP: 64/64 MP: 22/35
 16663 | Orc:1    | Learned a level 6 spell: Iron Shot
 16795 | Orc:1    | Found an iron altar of Okawaru.
 17501 | Orc:2    | Found Datiom's Armour Shoppe.
 17676 | Orc:1    | Offered knowledge of Bolt of Magma by Vehumet.
 17688 | Orc:1    | Reached skill level 1 in Earth Magic
 17863 | Orc:2    | Reached skill level 5 in Earth Magic
 17994 | Orc:3    | Noticed an ogre mage
 18116 | Orc:3    | Paralysed by an ogre mage for 2 turns
 18152 | Orc:2    | Killed an ogre mage
 18447 | D:10     | Noticed a hill giant
 18452 | D:10     | Killed a hill giant
 18669 | Lair:4   | Reached skill level 1 in Fighting
 18673 | Lair:4   | Noticed a six-headed hydra
 18680 | Lair:4   | Killed a six-headed hydra
 19345 | Lair:4   | Noticed an eight-headed hydra
 19348 | Lair:4   | Killed an eight-headed hydra
 19533 | Lair:4   | Found a glowing silver altar of Zin.
 19796 | Lair:4   | Reached skill level 5 in Stealth
 20123 | Lair:5   | Noticed a seven-headed hydra
 20128 | Lair:5   | Killed a seven-headed hydra
 20128 | Lair:5   | Reached XP level 13. HP: 73/75 MP: 28/36
 20341 | Lair:5   | Reached skill level 5 in Dodging
 20414 | Lair:5   | Learned a level 5 spell: Fireball
 20597 | Lair:5   | Got a shimmering morningstar
 20604 | Lair:5   | Identified the +0 morningstar of Destiny {crush, MR+} (You found it on level 5 of the Lair of Beasts)
 20735 | Lair:5   | Reached skill level 1 in Fire Magic
 21411 | Lair:6   | Got a thick robe
 21422 | Lair:6   | Identified the +1 robe of the Iron City of Dis {rN+ MP-9 Int+7} (You found it on level 6 of the Lair of Beasts)
 21483 | Lair:6   | Reached skill level 5 in Fire Magic
 21734 | Lair:6   | Noticed DizzySkin's ghost (powerful GrMo)
 21735 | Lair:6   | Found a staircase to the Shoals.
 22833 | Lair:6   | Offered knowledge of Lee's Rapid Deconstruction by Vehumet.
 23043 | Lair:6   | Got an opalescent robe
 23054 | Lair:6   | Identified the +1 robe of Vexation {-Tele rElec rC+} (You found it on level 6 of the Lair of Beasts)
 23898 | Lair:7   | Found a staircase to the Slime Pits.
 24969 | Lair:8   | Entered Level 8 of the Lair of Beasts
 24972 | Lair:8   | Reached skill level 14 in Conjurations
 25474 | Lair:8   | Reached XP level 14. HP: 82/82 MP: 19/38
 25474 | Lair:8   | Reached skill level 10 in Fire Magic
 25689 | Lair:8   | Offered knowledge of Conjure Ball Lightning by Vehumet.
 27733 | D:10     | Offered knowledge of Bolt of Cold by Vehumet.
 27851 | D:10     | Noticed a hill giant
 27856 | D:10     | Killed a hill giant
 28041 | D:11     | Learned a level 5 spell: Lightning Bolt
 28138 | D:11     | Found Klaqej's Jewellery Boutique.
 29256 | D:12     | Reached skill level 15 in Spellcasting
 29451 | D:12     | Noticed Harold
 29456 | D:12     | Killed Harold
 30774 | D:13     | Reached skill level 15 in Conjurations
 31447 | D:13     | Offered knowledge of Freezing Cloud by Vehumet.
 33079 | Orc:3    | Found Frog's Distillery.
 33480 | Orc:3    | Reached XP level 15. HP: 88/88 MP: 24/39
 33652 | Orc:3    | Found a white marble altar of Elyvilon.
 34024 | Orc:3    | Noticed a stone giant
 34304 | Orc:3    | Killed a stone giant
 35038 | Orc:4    | Entered Level 4 of the Orcish Mines
 35381 | Orc:4    | Noticed Nessos
 35402 | Orc:4    | Noticed Urug
 35418 | Orc:4    | Killed Urug
 35428 | Orc:4    | Killed Nessos
 35432 | Orc:4    | Found a staircase to the Elven Halls.
 35799 | Orc:4    | Noticed Donald
 36570 | Orc:4    | Reached skill level 10 in Air Magic
 36584 | Orc:4    | Found Dyilehor's Gadget Boutique.
 36584 | Orc:4    | Found Qagreug's Gadget Shoppe.
 36584 | Orc:4    | Found Caqoak's Magic Scroll Shoppe.
 36591 | Orc:4    | Reached skill level 16 in Spellcasting
 36595 | Orc:4    | Offered knowledge of Lehudib's Crystal Spear by Vehumet.
 36595 | Orc:4    | Offered knowledge of Fire Storm by Vehumet.
 36595 | Orc:4    | Offered knowledge of Chain Lightning by Vehumet.
 36691 | Orc:4    | Found Shrum Itt's General Store.
 36713 | Orc:4    | Bought a cursed staff of energy for 400 gold pieces
 37041 | Orc:4    | Killed Donald
 37565 | D:11     | Bought an uncursed ring of wizardry for 480 gold pieces
 38987 | D:14     | Found a gate to the Vaults.
 39195 | D:15     | Entered Level 15 of the Dungeon
 39197 | D:15     | Noticed a storm dragon
 39824 | Spider:1 | Entered Level 1 of the Spider Nest
 39982 | Spider:1 | Noticed Roxanne
 40809 | Spider:2 | Noticed Arachne
 41209 | Spider:2 | Reached XP level 16. HP: 78/92 MP: 22/40
 41323 | Spider:2 | Noticed Louise
 41348 | Spider:2 | Killed Louise
 41348 | Spider:2 | Reached skill level 15 in Fire Magic
 41482 | Spider:2 | Killed Arachne
 43047 | Spider:3 | Noticed Agnes
 43057 | Spider:3 | Killed Agnes
 43586 | Spider:3 | Learned a level 2 spell: Blink
 43795 | Spider:3 | Reached skill level 1 in Translocations
 44112 | Spider:3 | Upgraded the game from 0.16.2-2-g470672f to 0.16.2-3-ga078185
 44236 | Spider:4 | Noticed Wiglaf
 44257 | Spider:4 | Reached skill level 17 in Conjurations
 44399 | Spider:4 | Killed Wiglaf
 44416 | Spider:4 | Noticed Norris
 44501 | Spider:4 | Paralysed by Norris for 3 turns
 45712 | Lair:2   | Identified a scroll of acquirement
 45960 | Elf:1    | Entered Level 1 of the Elven Halls
 46298 | Elf:1    | Noticed Erica
 46945 | Elf:1    | Found a glowing golden altar of the Shining One.
 46956 | Elf:1    | Found Graustrai's Antique Armour Boutique.
 47060 | Elf:1    | Reached XP level 17. HP: 84/96 MP: 35/41
 47245 | Elf:1    | Killed Erica
 48595 | Elf:2    | Reached skill level 18 in Fire Magic
 48745 | Elf:2    | Found a huge runed gate.
 48745 | Elf:2    | Found a huge runed gate.
 48746 | Elf:2    | Found a huge runed gate.
 48746 | Elf:2    | Found a huge runed gate.
 48748 | Elf:2    | Found a huge runed gate.
 50684 | Elf:2    | Learned a level 9 spell: Fire Storm
 50860 | Elf:3    | Entered Level 3 of the Elven Halls
 51450 | Elf:3    | Reached skill level 19 in Fire Magic
 52710 | D:15     | Killed a storm dragon
 54335 | D:15     | Found Yrae's Distillery.
 54352 | D:15     | Bought 2 potions of magic for 240 gold pieces
 55026 | D:15     | Found a staircase to the Depths.
 55337 | D:11     | Bought a +2 ring of intelligence for 120 gold pieces
 55692 | Shoals:1 | Entered Level 1 of the Shoals
 55697 | Shoals:1 | Noticed Snorg
 55703 | Shoals:1 | Killed Snorg
 55971 | Lair:6   | Killed DizzySkin's ghost
 56082 | Shoals:1 | Reached XP level 18. HP: 91/102 MP: 36/41
 57701 | D:11     | Bought an uncursed ring of magical power for 320 gold pieces
 58026 | Elf:3    | Reached skill level 20 in Conjurations
 58811 | Elf:3    | Got a bloodstained broad axe
 58987 | Elf:3    | Identified the +9 broad axe of Kugimem {chop, rElec rN+} (You took it off a deep elf mage on level 3 of the Elven Halls)
 59393 | Elf:3    | Got a steaming diamond amulet
 59623 | Elf:3    | Identified the amulet "Adopeul" {rMut rN+} (You took it off a deep elf demonologist on level 3 of the Elven Halls)
 59864 | Elf:3    | Got a slimy iron ring
 59866 | Elf:3    | Identified the ring of the Shining Light {SustAb rC+ MP+9 Int+6 Dex-4 Stlth+} (You took it off a deep elf annihilator on level 3 of the Elven Halls)
 60271 | Lair:2   | Learned a level 4 spell: Passage of Golubria
 60503 | Shoals:2 | Reached skill level 1 in Evocations
 61324 | Shoals:2 | Got a jewelled arbalest
 61755 | Shoals:3 | Learned a level 7 spell: Spellforged Servitor
 61764 | Shoals:3 | Reached XP level 19. HP: 107/107 MP: 28/42
 61819 | Shoals:3 | Found Clexkaid's Antique Weapon Shop.
 61870 | Shoals:3 | Reached skill level 5 in Evocations
 62192 | Shoals:3 | Identified Sif Muna's Reference Book on Good Luck
 63581 | Shoals:5 | Entered Level 5 of the Shoals
 63592 | Shoals:5 | Noticed Rider75's ghost (mighty KoBe)
 63597 | Shoals:5 | Learned a level 6 spell: Deflect Missiles
 63604 | Shoals:5 | Hit by a steel javelin thrown by a merfolk javelineer

Action                   |  1- 3 |  4- 6 |  7- 9 | 10-12 | 13-15 | 16-18 | 19-21 || total
-------------------------+-------+-------+-------+-------+-------+-------+-------++-------
Melee: Unarmed           |     4 |       |       |       |       |       |       ||     4
       Whip              |    12 |    27 |     3 |       |       |       |       ||    42
       Dagger            |       |       |       |    54 |    15 |       |       ||    69
       Staff             |       |       |       |       |    20 |    12 |       ||    32
 Cast: Magic Dart        |    53 |    59 |   103 |   325 |   268 |    28 |     4 ||   840
       Searing Ray       |     7 |     5 |    10 |     3 |     1 |       |       ||    26
       Sting             |       |    20 |    71 |    89 |    61 |    12 |       ||   253
       Iskenderun's Myst |       |     7 |    39 |   133 |    69 |    49 |       ||   297
       Iskenderun's Batt |       |       |    22 |   117 |    88 |    17 |       ||   244
       Dazzling Spray    |       |       |    11 |    10 |     1 |       |       ||    22
       Mephitic Cloud    |       |       |       |     9 |     2 |       |       ||    11
       Poisonous Cloud   |       |       |       |    18 |    67 |    76 |       ||   161
       Iron Shot         |       |       |       |     9 |    69 |    27 |       ||   105
       Fireball          |       |       |       |       |   328 |   539 |    28 ||   895
       Lightning Bolt    |       |       |       |       |    32 |     2 |       ||    34
       Blink             |       |       |       |       |       |     7 |       ||     7
       Fire Storm        |       |       |       |       |       |    28 |    19 ||    47
       Spellforged Servi |       |       |       |       |       |     2 |     8 ||    10
       Passage of Golubr |       |       |       |       |       |     1 |       ||     1
Evoke: Staff of energy   |       |       |       |       |       |     3 |       ||     3
       Wand              |       |       |       |       |       |     1 |       ||     1
  Use: Scroll            |     4 |     5 |     8 |     1 |    25 |    11 |     2 ||    56
       Potion            |       |       |     4 |     1 |     4 |     2 |     1 ||    12
  Eat: Chunk             |     2 |     8 |    20 |    55 |    98 |    58 |     5 ||   246
       Fruit             |       |       |     3 |     2 |     5 |     1 |       ||    11
       Beef jerky        |       |       |       |     2 |     1 |     4 |       ||     7
       Pizza             |       |       |       |     1 |     1 |       |       ||     2
       Meat ration       |       |       |       |       |     2 |       |       ||     2
